ITL
PORTLAND PRIVATEERS @ CHATTANOOGA CHINPOKOMON
08/11/2030
 
TOP OF THE 1ST
Portland Privateers batting - Pitching for Chattanooga Chinpokomon : LHP Rob Price
Pitching: LHP Rob Price
Batting: RHB Dick Slagboom 0-0: Foul Ball, location: 2F
0-1: Foul Ball, location: 2F
0-2: Ball
1-2: Ball
2-2: Foul Ball, location: 2F
2-2: Ball
3-2: SOLO HOME RUN (Flyball, 89XD), Distance : 392 ft
Batting: LHB Yasuhiko Onodera 0-0: Ground out 1-3 (Groundball, 13)
Batting: SHB Jacob Knapp 0-0: Ball
1-0: Ball
2-0: Foul Ball, location: 2F
2-1: Ball
3-1: Foul Ball, location: 2F
3-2: Foul Ball, location: 2F
3-2: Ground out U3 (Groundball, 3S)
Batting: RHB José Balina 0-0: Foul Ball, location: 2F
0-1: Swinging Strike
0-2: Strikes out swinging
Top of the 1st over - 1 run, 1 hit, 0 errors, 0 left on base; Portland 1 - Chattanooga 0
BOTTOM OF THE 1ST
Chattanooga Chinpokomon batting - Pitching for Portland Privateers : LHP Pedro Santana
Pitching: LHP Pedro Santana
Batting: RHB Ben Barker 0-0: Ball
1-0: Swinging Strike
1-1: Foul Ball, location: 2F
1-2: Strikes out looking
Batting: RHB Ricardo Salazar 0-0: Ground out U3 (Groundball, 3S)
Batting: RHB Jesús Tisnado 0-0: Ball
1-0: Foul Ball, location: 2F
1-1: SINGLE (Line Drive, 78M)
Batting: RHB Felipe Rego 0-0: Ball
1-0: Swinging Strike
1-1: Ball
2-1: Fly out, F8 (Flyball, 8LXD)
Bottom of the 1st over - 0 runs, 1 hit, 0 errors, 1 left on base; Portland 1 - Chattanooga 0
TOP OF THE 2ND
Portland Privateers batting - Pitching for Chattanooga Chinpokomon : LHP Rob Price
Batting: SHB Cory Campbell 0-0: Swinging Strike
0-1: Swinging Strike
0-2: Foul Ball, location: 2F
0-2: Ball
1-2: Foul Ball, location: 2F
1-2: Strikes out swinging
Batting: SHB Patrick Larson 0-0: Ball
1-0: Ground out 4-3 (Groundball, 4)
Batting: RHB John Mendelson 0-0: Ball
1-0: Called Strike
1-1: Ball
2-1: Ground out 4-3 (Groundball, 4S)
Top of the 2nd over - 0 runs, 0 hits, 0 errors, 0 left on base; Portland 1 - Chattanooga 0
BOTTOM OF THE 2ND
Chattanooga Chinpokomon batting - Pitching for Portland Privateers : LHP Pedro Santana
Batting: LHB Ramiro Muńóz 0-0: Ball
1-0: Swinging Strike
1-1: Ball
2-1: Fly out, F9 (Flyball, 89D)
Batting: RHB Ichizo Akiyama 0-0: Called Strike
0-1: Ball
1-1: Called Strike
1-2: Ball
2-2: Fly out, F7 (Flyball, 78D)
Batting: RHB John Robertson 0-0: Foul Ball, location: 2F
0-1: Foul Ball, location: 2F
0-2: Foul Ball, location: 2F
0-2: Foul Ball, location: 2F
0-2: Fly out, F6 (Flyball, 6MD)
Bottom of the 2nd over - 0 runs, 0 hits, 0 errors, 0 left on base; Portland 1 - Chattanooga 0
TOP OF THE 3RD
Portland Privateers batting - Pitching for Chattanooga Chinpokomon : LHP Rob Price
Batting: SHB José Espinoza 0-0: Called Strike
0-1: Ball
1-1: Swinging Strike
1-2: Ball
2-2: Foul Ball, location: 2F
2-2: Foul Ball, location: 2F
2-2: SINGLE (Line Drive, 8LS)
Batting: SHB Luis Manuel López 0-0: Fly out, F8 (Flyball, 8RS)
Batting: RHB Dick Slagboom 0-0: Ball
Pickoff Throw to First - Error! E1
José Espinoza to second
1-0: Ball
2-0: Foul Ball, location: 2F
2-1: Foul Ball, location: 2F
2-2: Ball
3-2: Fly out, F9 (Flyball, 9LM)
Batting: LHB Yasuhiko Onodera 0-0: Called Strike
0-1: Swinging Strike
0-2: Ball
1-2: Strikes out swinging
Top of the 3rd over - 0 runs, 1 hit, 1 error, 1 left on base; Portland 1 - Chattanooga 0
BOTTOM OF THE 3RD
Chattanooga Chinpokomon batting - Pitching for Portland Privateers : LHP Pedro Santana
Batting: RHB Jorge Mora 0-0: Ball
1-0: Called Strike
1-1: Ball
2-1: SOLO HOME RUN (Flyball, 89XD), Distance : 402 ft
Batting: LHB Mario Cornelo 0-0: Ball
1-0: Ball
2-0: Ball
3-0: Called Strike
3-1: Base on Balls
Batting: RHB Ben Barker 0-0: Ball
Mario Cornelo steals 2nd base
1-0: Called Strike
1-1: Ball
2-1: SINGLE (Groundball, 56S) (infield hit)
Mario Cornelo to third
Batting: RHB Ricardo Salazar 0-0: Ball
1-0: Ground out 3-1 (Groundball, 34S)
Mario Cornelo scores
Ben Barker to second
Batting: RHB Jesús Tisnado 0-0: Ball
1-0: Ball
2-0: Foul Ball, location: 2F
2-1: Foul Ball, location: 2F
2-2: Strikes out looking
Batting: RHB Felipe Rego 0-0: Ball
1-0: Foul Ball, location: 2F
1-1: Swinging Strike
1-2: Ball
2-2: Strikes out looking
Bottom of the 3rd over - 2 runs, 2 hits, 0 errors, 1 left on base; Portland 1 - Chattanooga 2
TOP OF THE 4TH
Portland Privateers batting - Pitching for Chattanooga Chinpokomon : LHP Rob Price
Batting: SHB Jacob Knapp 0-0: Ball
1-0: Foul Ball, location: 2F
1-1: SINGLE (Groundball, 56D)
Batting: RHB José Balina 0-0: Ball
1-0: Ball
2-0: Foul Ball, location: 2F
2-1: Called Strike
2-2: Strikes out swinging
Batting: SHB Cory Campbell 0-0: Called Strike
0-1: Ball
1-1: Called Strike
1-2: Strikes out swinging
Batting: SHB Patrick Larson 0-0: Called Strike
0-1: Swinging Strike
0-2: Ball
1-2: Fly out, F7 (Flyball, 7LM)
Top of the 4th over - 0 runs, 1 hit, 0 errors, 1 left on base; Portland 1 - Chattanooga 2
BOTTOM OF THE 4TH
Chattanooga Chinpokomon batting - Pitching for Portland Privateers : LHP Pedro Santana
Batting: LHB Ramiro Muńóz 0-0: Ball
1-0: Foul Ball, location: 2F
1-1: Foul Ball, location: 2F
1-2: SINGLE (Line Drive, 6MD)
Batting: RHB Ichizo Akiyama 0-0: Ball
1-0: Foul Ball, location: 2F
1-1: Ground out 6-3 (Groundball, 56D)
Ramiro Muńóz to second
Batting: RHB John Robertson 0-0: Ball
1-0: Called Strike
1-1: Ball
2-1: Called Strike
2-2: Foul Ball, location: 2F
2-2: SINGLE (Groundball, 6MD)
Ramiro Muńóz to third
Runner from 3rd tries for Home, SAFE, no throw
Batting: RHB Jorge Mora 0-0: Foul Ball, location: 2F
0-1: Ball
1-1: Swinging Strike
1-2: Fly out, F7 (Flyball, 78M)
Batting: LHB Mario Cornelo 0-0: Ball
1-0: Ball
Wild Pitch!
John Robertson to second
2-0: Ball
3-0: Called Strike
3-1: Base on Balls
Batting: RHB Ben Barker 0-0: Ball
1-0: Called Strike
1-1: Ball
2-1: Called Strike
2-2: Ball
3-2: SINGLE (Line Drive, 6D)
John Robertson to third
Mario Cornelo to second
John Robertson scores
Mario Cornelo to third
Batting: RHB Ricardo Salazar 0-0: Ball
1-0: Single, Error in OF, E9, batter to second base
Mario Cornelo scores
Ben Barker to third
Pitching: RHP Gabe Lewis
Batting: RHB Jesús Tisnado 0-0: DOUBLE (Flyball, 8RXD)
Ben Barker scores
Ricardo Salazar scores
Batting: RHB Felipe Rego 0-0: Foul Ball, location: 2F
0-1: Foul Ball, location: 2F
0-2: Ground out 6-3 (Groundball, 6M)
Bottom of the 4th over - 5 runs, 5 hits, 1 error, 1 left on base; Portland 1 - Chattanooga 7
TOP OF THE 5TH
Portland Privateers batting - Pitching for Chattanooga Chinpokomon : LHP Rob Price
Batting: RHB John Mendelson 0-0: Swinging Strike
0-1: Ball
1-1: Swinging Strike
1-2: Strikes out swinging
Batting: SHB José Espinoza 0-0: Hit by Pitch
Batting: SHB Luis Manuel López 0-0: Called Strike
0-1: Ball
1-1: Grounds into double play, 1-4-3 (Groundball, 15S)
Top of the 5th over - 0 runs, 0 hits, 0 errors, 0 left on base; Portland 1 - Chattanooga 7
BOTTOM OF THE 5TH
Chattanooga Chinpokomon batting - Pitching for Portland Privateers : RHP Gabe Lewis
Batting: LHB Ramiro Muńóz 0-0: Ball
1-0: Ball
2-0: Ball
3-0: Called Strike
3-1: Base on Balls
Batting: RHB Ichizo Akiyama 0-0: Foul Ball, location: 2F
0-1: Ball
1-1: Foul Ball, location: 2F
1-2: Foul Ball, location: 2F
1-2: Strikes out looking
Batting: RHB John Robertson 0-0: Called Strike
0-1: Ball
1-1: DOUBLE (Line Drive, 9LM)
Ramiro Muńóz to third
Runner from 3rd tries for Home, SAFE, no throw
Batting: RHB Jorge Mora 0-0: SINGLE (Groundball, 6MD)
John Robertson to third
Runner from 3rd tries for Home, SAFE, no throw
Batting: LHB Mario Cornelo 0-0: 2-RUN HOME RUN (Flyball, 7D), Distance : 385 ft
Batting: RHB Ben Barker 0-0: Called Strike
0-1: Foul Ball, location: 2F
0-2: Ball
1-2: Ball
2-2: Ball
3-2: Base on Balls
Batting: RHB Ricardo Salazar 0-0: Foul Ball, location: 2F
0-1: Ball
1-1: Ball
2-1: Foul Ball, location: 2F
2-2: Fly out, F9 (Flyball, 9S)
Batting: RHB Jesús Tisnado 0-0: Ball
1-0: Called Strike
1-1: Ball
2-1: Called Strike
2-2: Ball
Ben Barker steals 2nd base
3-2: Foul Ball, location: 2F
3-2: Strikes out swinging
Bottom of the 5th over - 4 runs, 3 hits, 0 errors, 1 left on base; Portland 1 - Chattanooga 11
TOP OF THE 6TH
Portland Privateers batting - Pitching for Chattanooga Chinpokomon : LHP Rob Price
Batting: RHB Dick Slagboom 0-0: Ball
1-0: Ball
2-0: Called Strike
2-1: Called Strike
2-2: Ball
3-2: Base on Balls
Batting: LHB Yasuhiko Onodera 0-0: Called Strike
0-1: Called Strike
0-2: Ball
1-2: Foul Ball, location: 2F
1-2: Ball
2-2: Ball
3-2: Foul Ball, location: 2F
Balk!
Dick Slagboom to second
3-2: Strikes out swinging
Batting: SHB Jacob Knapp 0-0: Ball
1-0: Fly out, F7 (Flyball, 7LSF)
Batting: RHB José Balina 0-0: Called Strike
0-1: Called Strike
0-2: Strikes out looking
Top of the 6th over - 0 runs, 0 hits, 0 errors, 1 left on base; Portland 1 - Chattanooga 11
BOTTOM OF THE 6TH
Chattanooga Chinpokomon batting - Pitching for Portland Privateers : RHP Gabe Lewis
Batting: RHB Felipe Rego 0-0: Called Strike
0-1: Swinging Strike
0-2: Strikes out swinging
Batting: LHB Ramiro Muńóz 0-0: Ball
1-0: Foul Ball, location: 2F
1-1: Ball
2-1: Fly out, F8 (Flyball, 78D)
Batting: RHB Ichizo Akiyama 0-0: Ball
1-0: Called Strike
1-1: Swinging Strike
1-2: Strikes out looking
Bottom of the 6th over - 0 runs, 0 hits, 0 errors, 0 left on base; Portland 1 - Chattanooga 11
TOP OF THE 7TH
Portland Privateers batting - Pitching for Chattanooga Chinpokomon : LHP Rob Price
Batting: SHB Cory Campbell 0-0: Foul Ball, location: 2F
0-1: Ground out 6-3 (Groundball, 6M)
Batting: SHB Patrick Larson 0-0: Called Strike
0-1: Foul Ball, location: 2F
0-2: Ball
1-2: Strikes out swinging
Batting: RHB John Mendelson 0-0: Swinging Strike
0-1: SINGLE (Flyball, 78S)
Batting: SHB José Espinoza 0-0: Called Strike
0-1: Foul Ball, location: 2F
0-2: Foul Ball, location: 2F
0-2: Ball
1-2: Foul Ball, location: 2F
1-2: Foul Ball, location: 2F
1-2: Ball
2-2: Ground out 3-1 (Groundball, 34S)
Top of the 7th over - 0 runs, 1 hit, 0 errors, 1 left on base; Portland 1 - Chattanooga 11
BOTTOM OF THE 7TH
Chattanooga Chinpokomon batting - Pitching for Portland Privateers : RHP Gabe Lewis
Batting: RHB John Robertson 0-0: Ball
1-0: Called Strike
1-1: Ball
2-1: Ground out 4-3 (Groundball, 4S)
Batting: RHB Jorge Mora 0-0: Ball
1-0: Called Strike
1-1: Ball
2-1: Swinging Strike
2-2: Foul Ball, location: 2F
2-2: Strikes out swinging
Batting: LHB Mario Cornelo 0-0: Ball
1-0: Foul Ball, location: 2F
1-1: Foul Ball, location: 2F
1-2: Ball
2-2: Ground out 4-3 (Groundball, 4S)
Bottom of the 7th over - 0 runs, 0 hits, 0 errors, 0 left on base; Portland 1 - Chattanooga 11
TOP OF THE 8TH
Portland Privateers batting - Pitching for Chattanooga Chinpokomon : LHP Rob Price
Batting: SHB Luis Manuel López 0-0: Called Strike
0-1: Fly out, F4 (Popup, 4M)
Batting: RHB Dick Slagboom 0-0: Foul Ball, location: 2F
0-1: Foul Ball, location: 2F
0-2: Ball
1-2: Ball
2-2: Fly out, F7 (Flyball, 7LM)
Batting: LHB Yasuhiko Onodera 0-0: Ball
1-0: Ball
2-0: Ball
3-0: Base on Balls
Batting: SHB Jacob Knapp 0-0: Ball
1-0: Ground out U3 (Groundball, 3S)
Top of the 8th over - 0 runs, 0 hits, 0 errors, 1 left on base; Portland 1 - Chattanooga 11
BOTTOM OF THE 8TH
Chattanooga Chinpokomon batting - Pitching for Portland Privateers : RHP Gabe Lewis
Batting: RHB Ben Barker 0-0: Foul Ball, location: 2F
0-1: Ball
1-1: Ball
2-1: SINGLE (Flyball, 8LS)
Pitching: RHP Dennis Grange
Batting: RHB Ricardo Salazar 0-0: Fly out, F8 (Line Drive, 8RD)
Batting: RHB Jesús Tisnado 0-0: Ball
1-0: Called Strike
1-1: Ball
2-1: Called Strike
2-2: Ball
3-2: Base on Balls
Ben Barker to second
Batting: RHB Felipe Rego 0-0: Ball
1-0: Ball
2-0: Ball
3-0: Called Strike
3-1: Base on Balls
Ben Barker to third
Jesús Tisnado to second
Batting: LHB Ramiro Muńóz 0-0: Foul Ball, location: 2F
0-1: Ball
1-1: Called Strike
1-2: Strikes out swinging
Batting: RHB Ichizo Akiyama 0-0: Ball
1-0: Ball
2-0: Ball
3-0: Base on Balls
Ben Barker scores
Jesús Tisnado to third
Felipe Rego to second
Batting: RHB John Robertson 0-0: Called Strike
0-1: Fly out, F9 (Flyball, 89M)
Bottom of the 8th over - 1 run, 1 hit, 0 errors, 3 left on base; Portland 1 - Chattanooga 12
TOP OF THE 9TH
Portland Privateers batting - Pitching for Chattanooga Chinpokomon : LHP Rob Price
Now at 1B: Luis Maldonado
Batting: RHB José Balina 0-0: Ball
1-0: Ball
2-0: Fly out, F9 (Flyball, 9LS)
Batting: SHB Cory Campbell 0-0: Ball
1-0: Ball
2-0: Called Strike
2-1: Ball
3-1: Called Strike
3-2: Foul Ball, location: 2F
3-2: Ground out 4-3 (Groundball, 4)
Batting: SHB Patrick Larson 0-0: Called Strike
0-1: Called Strike
0-2: Ball
1-2: Ground out 1-3 (Groundball, 13)
Top of the 9th over - 0 runs, 0 hits, 0 errors, 0 left on base; Portland 1 - Chattanooga 12
Saturday, April 7th, 2018 - OOTP Baseball 18.8 Build 76